 Dungeon Crawl Stone Soup version 0.30-a0-279-g4b46babb21 (webtiles) character file.

Game seed: 2214318191188364518

731 plokij the Skirmisher (level 7, 0/59 HPs)
             Began as a Minotaur Hunter on Oct 16, 2022.
             Succumbed to a water moccasin's poison
             ... on level 5 of the Dungeon.
             The game lasted 00:28:13 (4349 turns).

plokij the Skirmisher (Minotaur Hunter)             Turns: 4349, Time: 00:28:14

Health: 0/59       AC:  6    Str: 16    XL:     7   Next: 45%
Magic:  6/6        EV: 11    Int:  6    God:
Gold:   242        SH:  0    Dex: 15    Spells: 6/6 levels left

rFire   . . .      SeeInvis .    a - +0 shortbow
rCold   + . .      Faith    .    (shield currently unavailable)
rNeg    . . .      Spirit   .    y - +0 ring mail
rPois   .          Reflect  .    (helmet restricted)
rElec   .          Harm     .    (no cloak)
rCorr   +          Rampage  .    (no gloves)
Will    .....                    p - +0 pair of boots
Stlth   +.........               (no amulet)
HPRegen 0.29/turn                f - ring of resist corrosion
MPRegen 0.10/turn                u - ring of protection from cold

@: lethally poisoned (0 -> -13), studying Translocations
A: horns 2, retaliatory headbutt
a: no special abilities


You were on level 5 of the Dungeon.
You visited 1 branch of the dungeon, and saw 5 of its levels.

You collected 242 gold pieces.

Inventory:

Hand Weapons
 a - a +0 shortbow (weapon)
 o - a +0 falchion
 w - a +2 dagger of venom
 x - a +0 long sword
Missiles
 d - 30 stones
 l - 7 boomerangs
 B - 5 atropa-tipped darts
Armour
 p - a +0 pair of boots (worn)
 y - a +0 ring mail (worn)
Jewellery
 f - a ring of resist corrosion (left hand)
 r - an amulet of faith
 u - a ring of protection from cold (right hand)
Wands
 c - a wand of digging (4)
 A - a wand of mindburst (6)
Scrolls
 b - a scroll of immolation
 g - 3 scrolls of teleportation {unknown}
 h - 2 scrolls of identify {unknown}
 i - a scroll of magic mapping {unknown}
 j - 2 scrolls of noise {unknown}
 n - 2 scrolls of amnesia {unknown}
 q - a scroll of fear {unknown}
 C - a scroll of enchant armour {unknown}
Potions
 e - a potion of curing {unknown}
 k - a potion of flight {unknown}
 m - a potion of degeneration {unknown}
 s - 2 potions of brilliance {unknown}
 t - a potion of attraction {unknown}
 v - a potion of mutation {unknown}
 z - a potion of ambrosia {unknown}


   Skills:
 + Level 4.2 Fighting
 + Level 8.9 Ranged Weapons
 + Level 3.1 Armour
 + Level 2.4 Dodging
 + Level 1.0 Stealth


You had 6 spell levels left.
You didn't know any spells.
Your spell library contained the following spells:

 Spells                   Type           Power      Damage    Failure   Level
 Ignite Poison            Fire/Tmut/Pois 0%         N/A       95%         3
 Inner Flame              Hex/Fire       0%         N/A       95%         3
 Kindle Blastsparks       Fire/Tloc/Air  0%         2d10      95%         3
 Ozocubu's Armour         Ice            0%         N/A       95%         3
 Flame Wave               Conj/Fire      0%         2d4       100%        4
 Sticky Flame             Conj/Fire      0%         2d3       100%        4
 Freezing Cloud           Conj/Ice/Air   0%         6-21      100%        5
 Ozocubu's Refrigeration  Ice            0%         4d7       100%        7


Dungeon Overview and Level Annotations

Branches:
Dungeon (5/15)
 Temple: D:4-7

Altars:
Kikubaaqudgha
Wu Jian

Shops:
D:3 (


Innate Abilities, Weirdness & Mutations

You have a pair of horns on your head.
You reflexively headbutt those who attack you in melee.


Message History

You feel very sick. The water moccasin barely misses you.
You shoot an arrow.
The arrow closely misses the water moccasin.
You feel very sick.
The water moccasin bites you but does no damage.
The water moccasin barely misses you.
You shoot an arrow. The arrow misses the water moccasin.
You feel very sick.
The water moccasin bites you but does no damage.
The water moccasin bites you.
You shoot an arrow.
The arrow hits the water moccasin but does no damage.
The water moccasin is moderately wounded.
You feel sick. The water moccasin bites you!
* * * LOW HITPOINT WARNING * * *
You shoot an arrow.
The arrow barely misses the water moccasin.
You feel sick.
The water moccasin bites you but does no damage. x2
You shoot an arrow.
The arrow barely misses the water moccasin.
You feel sick. The water moccasin misses you.
The water moccasin closely misses you. You furiously retaliate!
You headbutt the water moccasin. You shoot an arrow.
The arrow barely misses the water moccasin.
You feel sick.
The water moccasin bites you but does no damage.
You shoot an arrow. The arrow hits the water moccasin!
The water moccasin is severely wounded.
You feel sick.
The water moccasin bites you but does no damage.
The water moccasin bites you!
* * * LOW HITPOINT WARNING * * *
You are lethally poisoned!
The water moccasin poisons you!
You shoot an arrow. The arrow hits the water moccasin!
You kill the water moccasin!
You die...

#.#~~≈ #########.#.♣.
#......>...~~≈
#.........#~.~
#.<.......#.~♣#
#.........#~~.#
#.........#.~.#
#.........#...##########
#.........#...##@.......
.................##.....
..............#### ###
.......#....).#
.......#.##...#
....†..#.##...#
.......#.###.#####.#
.......#.###...##..##
.......#.....#...≈#.##


There were no monsters in sight!

Vanquished Creatures
  A water moccasin (D:5)
  A phantom (D:4)
  6 scorpions
  2 hounds
  Ijyb (D:5)
  2 iguanas
  7 adders
  A shadow imp (D:5)
  A worm (D:3)
  2 dart slugs (D:2)
  9 orcs
  2 bat zombies (D:3)
  9 endoplasms
  2 giant cockroaches
  9 goblins
  5 hobgoblins
  4 jackals (D:1)
  4 quokkas
  11 ball pythons
  2 bats (D:2)
  4 frilled lizards
  5 kobolds
  2 rats
  A rat zombie (D:3)
93 creatures vanquished.

Notes
Turn   | Place    | Note
-------+----------+-------------------------------------------
     0 | D:1      | plokij the Minotaur Hunter began the quest for the Orb.
     0 | D:1      | Reached XP level 1. HP: 18/18 MP: 0/0
   208 | D:1      | Found a faded altar of an unknown god.
   622 | D:1      | Reached XP level 2. HP: 24/25 MP: 1/1
   972 | D:2      | Reached skill level 5 in Ranged Weapons
  1083 | D:2      | Reached XP level 3. HP: 27/30 MP: 2/2
  1428 | D:2      | Reached skill level 1 in Armour
  1723 | D:3      | Noticed a scorpion
  1729 | D:3      | Killed a scorpion
  1730 | D:3      | Reached skill level 6 in Ranged Weapons
  1730 | D:3      | Reached XP level 4. HP: 38/38 MP: 3/3
  1778 | D:3      | Found Cevoafil's Weapon Boutique.
  1811 | D:3      | Reached XP level 5. HP: 45/45 MP: 4/4
  1971 | D:3      | Reached skill level 1 in Stealth
  2134 | D:3      | Found an ancient bone altar of Kikubaaqudgha.
  2342 | D:3      | Found an ornate altar of the Wu Jian Council.
  2446 | D:3      | Reached skill level 7 in Ranged Weapons
  2524 | D:4      | Reached XP level 6. HP: 52/52 MP: 5/5
  3475 | D:4      | Reached skill level 8 in Ranged Weapons
  3771 | D:4      | Reached XP level 7. HP: 59/59 MP: 6/6
  3918 | D:5      | Entered Level 5 of the Dungeon
  3981 | D:5      | Noticed Ijyb
  3990 | D:5      | Killed Ijyb
  4349 | D:5      | Succumbed to a water moccasin's poison

Illustrated notes

Levels and vault maps discovered:
D:1:      ncdulo_lavacross, layout_basic, basic_ecumenical_altar,
          roderic_malta_cross, kennysheep_another_room
D:2:      layout_rooms, chequers_serial_rivers_micro_b, hangedman_feature_mirror
D:3:      layout_rooms, overflow_temple_1_default,
          lemuel_zombie_altar_kikubaaqudgha, serial_shops, nicolae_square_shop
D:4:      layout_rooms, minmay_manual_mail
D:5:      layout_rooms, serial_rivers, chequers_serial_rivers_marsh,
          chequers_serial_rivers_micro_d, chequers_serial_rivers_large_a,
          chequers_serial_rivers_small_b, chequers_serial_rivers_micro_c,
          chequers_serial_rivers_micro_d, uniq_ijyb

Skill      XL: |  1  2  3  4  5  6 |
---------------+-------------------+-----
Ranged Weapons | 5 6 7 8 |  8.9
Armour         | 1 2 3 |  3.1
Fighting       | 3 4 |  4.2
Stealth        | 1 |  1.0
Dodging        | |  2.4

Action                   |  1- 3 |  4- 6 |  7- 9 || total
-------------------------+-------+-------+-------++-------
 Fire: Shortbow          |    96 |   176 |    48 ||   320
Armor: Leather armour    |    15 |    21 |       ||    36
       Ring mail         |       |     6 |     9 ||    15
Dodge: Dodged            |    39 |    58 |    21 ||   118

Table legend: (Time is in decaauts)
 A = Elapsed time spent in this place.
 B = Non-inter-level travel time spent in this place.
 C = Inter-level travel time spent in this place.
 D = Time resting spent in this place.
 E = Time spent auto-exploring this place.
 F = Levels seen in this place.
 G = Mean time per level.
                   A        B        C        D        E       F      G
               +--------+--------+--------+--------+--------+-----+--------+
         Total |   4424 |   1872 |   2552 |    981 |      0 |   5 |  884.8 |
       Dungeon |   4424 |   1872 |   2552 |    981 |      0 |   5 |  884.8 |
               +--------+--------+--------+--------+--------+-----+--------+

Top non-repeatable levels by time:
     D:4: 1298 daAuts
     D:1: 967 daAuts
     D:3: 934 daAuts
     D:2: 781 daAuts
     D:5: 444 daAuts
